 Dungeon Crawl Stone Soup version 0.17.0-24-gcfadda4 (webtiles) character file.

35 HaroldButt the Slasher (level 3, -1/24 HPs)
             Began as a High Elf Skald on Nov 15, 2015.
             Was an Initiate of Okawaru.
             Slain by Poody's ghost (8 damage)
             ... on level 3 of the Dungeon.
             The game lasted 00:03:03 (1415 turns).

HaroldButt the Slasher (High Elf Skald)             Turns: 1415, Time: 00:03:03

Health: -1/24      AC:  3    Str: 11    XL:     3   Next: 17%
Magic:  7/7        EV: 11    Int: 16    God:    Okawaru [......]
Gold:   14         SH:  0    Dex: 15    Spells: 1 memorised, 5 levels left

rFire  . . .     SeeInvis .     a - +0 falchion
rCold  . . .     Clarity  .     b - +0 leather armour
rNeg   . . .     SustAt   .     (no shield)
rPois  .         Gourm    .     (no helmet)
rElec  .         Spirit   .     (no cloak)
rCorr  .         Warding  .     (no gloves)
rMut   .         Stasis   .     (no boots)
MR     .....                    (no amulet)
Stlth  +.........               (no ring)
                                (no ring)

@: lethally poisoned (-1 -> -4), not resistant to hostile enchantments, very
unstealthy
A: no striking features
a: Renounce Religion


You were on level 3 of the Dungeon.
You worshipped Okawaru.
Okawaru was noncommittal.
You were near starving.

You visited 1 branch of the dungeon, and saw 3 of its levels.

You collected 14 gold pieces.

Inventory:

Hand Weapons
 a - a +0 falchion (weapon)
Armour
 b - a +0 leather armour (worn)
Scrolls
 e - a scroll of enchant weapon {unknown}
 f - 2 scrolls of random uselessness {unknown}
 h - a scroll of amnesia {unknown}
 j - a scroll of identify {unknown}
Potions
 g - a potion of mutation {unknown}
 i - a potion of lignification {unknown}
 k - a potion of invisibility
 l - a potion of poison {unknown}
Books
 c - a book of Battle

   Spells                             Type                      Level
   a - Infusion                       Charms                       1
   b - Shroud of Golubria             Charms/Translocation         2
   c - Song of Slaying                Charms                       2
   d - Spectral Weapon                Hexes/Charms                 3
   e - Regeneration                   Charms/Necromancy            3
Comestibles
 d - 3 bread rations


   Skills:
 - Level 2.0 Fighting
 + Level 4.4 Long Blades
 - Level 0.8 Armour
 - Level 1.1 Dodging
 - Level 2.4 Spellcasting
 - Level 3.6 Charms


You had 5 spell levels left.
You knew the following spells:

 Your Spells              Type           Power        Failure   Level  Hunger
a - Infusion              Chrm           ##....       8%          1    #......


Dungeon Overview and Level Annotations

Branches:
Dungeon (3/15)

Altars:
Okawaru
Trog

Annotations:
D:3 Poody's ghost, amateur MfGl


Message History

Found 6 gold pieces.
The adder bites you.
You are poisoned.
The adder poisons you!
You feel sick.
The giant cockroach waves its antennae.
A worm comes into view.
You feel sick. The adder barely misses you.
You feel sick. The worm bites you.
There is a stone staircase leading down, spattered with blood here.
The adder bites you but does no damage. The adder bites you.
You climb downwards.
Found 13 gold pieces.
Found a stone staircase leading up.
There is a stone staircase leading up here.
You feel sick.
Poody's ghost (amateur Merfolk Gladiator) comes into view.
You feel sick. Poody's ghost hits you!
You die...

#. ## ##.. .. .... .
... .# # #.#######.#
.####.#....$.<..##.§§
......# #.w.W@.....§§
.......##S#######.###
.......<..#
....♣...S...# .
♣♣..###.# ..... ...
...... #..# ≈≈......#
..# #≈.....♣# .#


You could see a worm, Poody's ghost and an adder.

Vanquished Creatures
  An adder (D:1)
  A giant gecko (D:1)
  2 bats (D:1)
  A giant cockroach (D:1)
  4 goblins (D:1)
  5 hobgoblins (D:1)
  3 kobolds (D:1)
  2 giant newts (D:1)
  2 jackals (D:1)
  4 rats (D:1)
25 creatures vanquished.

Vanquished Creatures (others)
  A rat (D:3)
1 creature vanquished.

Grand Total: 26 creatures vanquished

Notes
Turn   | Place    | Note
--------------------------------------------------------------
     0 | D:1      | HaroldButt the High Elf Skald began the quest for the Orb.
     0 | D:1      | Reached XP level 1. HP: 14/14 MP: 4/4
   205 | D:1      | Reached XP level 2. HP: 14/19 MP: 6/6
   451 | D:1      | Reached skill level 4 in Long Blades
  1063 | D:1      | Reached XP level 3. HP: 5/24 MP: 2/7
  1370 | D:2      | Found a bloodstained altar of Trog.
  1370 | D:2      | Found an iron altar of Okawaru.
  1374 | D:2      | Became a worshipper of Warmaster Okawaru
  1411 | D:3      | Noticed Poody's ghost (amateur MfGl)
  1415 | D:3      | Slain by Poody's ghost

Action                   || total
-------------------------++-------
Melee: Falchion          ||    81
 Cast: Infusion          ||     1
  Use: Potion            ||     1
